Map: Ley Lines

Players

WeAreLegion - Winner!

  • Race: Terran Terran
  • League: Silver
  • Spawn Location: 1:00

momo

  • Race: Protoss Protoss
  • League: Gold
  • Spawn Location: 7:00

VOD

Have the link to the VOD?

Description

Time

  • Played on: Dec. 13, 2024, 12:53 a.m.
  • Length: 10:56
Show
View Real Time Build Order
Export as new Build Order

WeAreLegion Terran - Winner!

Build Orders: Reaper Expand 

Get SALT Encoding   

  12  0:00  SCV  
  13  0:12  SCV  
  14  0:17  Supply Depot  
  14  0:25  SCV  
  15  0:38  SCV  
  15  0:41  Barracks  
  16  0:46  Refinery  
  16  0:50  SCV  
  17  1:02  SCV  
  18  1:15  SCV  
  19  1:29  Orbital Command  
  19  1:30  Reaper  
  20  1:46  Command Center  
  20  1:55  Supply Depot  
  20  1:56  SCV  
  21  2:08  Marine  
  22  2:10  SCV  
  22  2:14  Factory  
  23  2:22  SCV  
  25  2:30  Barracks Reactor  
  25  2:34  SCV  
  25  2:46  SCV  
  25  2:58  SCV  
  25  3:02  Hellion  
  25  3:05  Starport  
  28  3:07  Marine  
  28  3:08  Marine  
  28  3:10  Orbital Command  
  28  3:11  SCV  
  31  3:19  Refinery  
  31  3:23  SCV  
  31  3:26  Supply Depot  
  32  3:28  Widow Mine  
  32  3:30  Marine  
  32  3:31  Marine  
  36  3:35  SCV  
  36  3:36  SCV  
  38  3:48  SCV x2, Marine x2  
  42  3:55  Barracks  
  42  3:56  Barracks  
  42  3:58  Medivac  
  42  3:59  Widow Mine  
  42  4:00  SCV  
  47  4:05  Engineering Bay  
  47  4:10  SCV  
  47  4:12  SCV  
  47  4:13  Marine  
  47  4:14  Marine  
  51  4:21  Factory Tech Lab  
  51  4:22  SCV  
  53  4:24  SCV  
  53  4:31  Marine  
  53  4:37  Terran Infantry Weapons Level 1  
  54  4:42  Supply Depot  
  54  4:44  Supply Depot  
  54  4:45  Barracks Tech Lab  
  54  4:46  Marine, Barracks Reactor  
  54  4:47  SCV x2  
  54  4:51  Siege Tank  
  60  5:03  SCV x2  
  60  5:05  Marine x2  
  60  5:06  Marauder  
  66  5:07  Starport Tech Lab  
  66  5:15  SCV x2  
  68  5:26  Supply Depot x2  
  68  5:28  SCV x2, Marauder  
  72  5:29  Marine  
  72  5:30  Marine  
  72  5:31  Marine  
  75  5:36  Siege Tank  
  78  5:47  SCV x2  
  78  5:48  Barracks  
  78  5:49  Marauder  
  82  5:50  Barracks  
  82  5:52  Refinery  
  82  5:55  Marine x4  
  82  5:56  Refinery  
  86  6:02  Raven  
  88  6:05  Supply Depot  
  88  6:06  Supply Depot  
  88  6:27  Supply Depot  
  88  6:28  Marine x4  
  88  6:29  Marauder  
  88  6:30  Supply Depot  
  94  6:37  Terran Infantry Armor Level 1  
  94  6:38  Command Center, Stimpack  
  94  6:42  Barracks Tech Lab  
  94  6:50  Marauder  
  96  7:02  Combat Shield  
  96  7:03  SCV  
  96  7:04  SCV  
  98  7:11  Barracks Reactor  
  98  7:15  SCV  
  98  7:16  SCV  
  96  7:39  Marine x3  
  96  7:40  Siege Tank  
  102  7:46  Medivac  
  104  7:57  Marine  
  104  7:58  Marauder  
  110  8:12  Siege Tank  
  110  8:19  Marauder  
  111  8:38  Marine x4  
  111  8:40  Marauder, Medivac x2  
  118  9:02  Marauder  
  119  9:03  Starport  
  119  9:10  Medivac  
  121  9:23  Marauder  
  123  9:32  Marine x4  
  123  9:33  Siege Tank  
  130  9:42  Supply Depot  
  130  9:44  Marauder  
  124  10:04  Supply Depot  
  124  10:05  Siege Tank  
  124  10:06  Marauder  
  123  10:27  Supply Depot, Marauder  
Show
View Real Time Build Order
Export as new Build Order

momo Protoss 

Build Orders: 1 Gate Expand 

Get SALT Encoding   

  1  0:00  Probe  
  13  0:07  Probe  
  14  0:15  Probe  
  15  0:27  Pylon  
  15  0:45  Probe  
  16  0:50  Gateway  
  16  0:56  Probe  
  17  1:05  Probe  
  18  1:15  Nexus  
  18  1:22  Assimilator  
  18  1:27  Probe  
  19  1:41  Probe  
  20  1:58  Pylon  
  20  2:16  Probe  
  21  2:28  Probe  
  22  2:31  Cybernetics Core  
  22  2:33  Zealot  
  22  2:36  Gateway, Probe  
  24  2:48  Probe  
  22  3:00  Zealot  
  24  3:08  Probe  
  24  3:09  Probe  
  26  3:15  Robotics Facility  
  26  3:19  Gateway  
  26  3:21  Pylon, Probe x2  
  26  3:23  Assimilator, Stalker  
  30  3:32  Assimilator  
  30  3:33  Probe  
  31  3:34  Probe  
  32  3:42  Probe  
  32  3:45  Probe  
  32  3:47  Pylon  
  34  3:50  Probe  
  34  3:51  Stalker  
  37  3:57  Sentry  
  37  4:02  Observer  
  40  4:10  Probe  
  40  4:14  Probe, Immortal  
  42  4:18  Probe  
  47  4:26  Probe  
  48  4:34  Probe  
  48  4:36  Probe  
  50  4:41  Stalker  
  50  4:42  Probe  
  52  4:46  Stalker  
  52  4:50  Probe  
  55  4:53  Warp Prism  
  55  4:58  Assimilator  
  58  5:01  Probe  
  58  5:02  Probe  
  60  5:13  Probe  
  61  5:16  Sentry  
  61  5:20  Robotics Bay  
  62  5:22  Robotics Facility  
  62  5:27  Pylon  
  62  5:29  Gateway  
  62  5:43  Probe  
  62  5:45  Probe  
  62  5:48  Pylon  
  62  5:49  Stalker  
  64  5:50  Stalker  
  64  5:51  Pylon, Probe  
  69  5:57  Pylon  
  69  6:00  Probe  
  69  6:03  Probe  
  70  6:06  Immortal  
  75  6:11  Probe  
  75  6:12  Probe  
  75  6:15  Twilight Council  
  67  6:36  Stalker x2  
  71  6:52  Probe  
  72  6:54  Colossus  
  72  6:55  Warp Gate  
  72  7:00  Probe  
  79  7:08  Probe  
  79  7:10  Templar Archives  
  79  7:12  Pylon  
  79  7:13  Pylon  
  80  7:16  Pylon  
  80  7:18  Probe  
  80  7:21  Gateway  
  81  7:31  Probe  
  76  7:49  Forge  
  76  7:52  Colossus  
  76  7:53  Pylon  
  76  7:56  Immortal  
  86  8:06  Probe  
  87  8:14  Gateway, Probe  
  87  8:15  Gateway  
  76  8:29  Zealot x2  
  62  8:56  Zealot, Sentry  
  66  9:08  Stalker, Probe  
  66  9:09  Stalker  
  70  9:10  Stalker  
  70  9:16  Stalker, Probe  
  78  9:26  Probe  
  79  9:39  Zealot x4  
  69  10:11  Zealot x4  
Tags
 
Add a new tag
Caveats
  • Supply blocks, unpowered buildings, or Contaminate may cause inaccurate times.
  • Supply counts are checked every 10 seconds.